 Dungeon Crawl Stone Soup version 0.28-a0-410-gbef64dd269 (webtiles) character file.

Game seed: 3313709139925292773

441 Borgoz the Skirmisher (level 7, -2/44 HPs)
             Began as a Gargoyle Abyssal Knight on Sept 7, 2021.
             Was a Believer of Lugonu.
             Slain by Blork the orc (4 damage)
             ... on level 4 of the Dungeon.
             The game lasted 00:07:17 (4133 turns).

Borgoz the Skirmisher (Gargoyle Abyssal Knight)     Turns: 4133, Time: 00:07:18

Health: -2/44      AC: 12    Str: 15    XL:     7   Next: 2%
Magic:  9/9        EV: 11    Int: 19    God:    Lugonu [**....]
Gold:   45         SH:  0    Dex: 11    Spells: 6/6 levels left

rFire   . . .      SeeInvis .   a - +1 mace
rCold   . . .      Faith    .   (no shield)
rNeg    + . .      Spirit   .   g - +2 ring mail {rPois}
rPois   ∞          Reflect  .   (no helmet)
rElec   +          Harm     .   (no cloak)
rCorr   .          Rampage  .   (no gloves)
Will    .....                   (no boots)
Stlth   +.........              (no amulet)
HPRegen 0.14/turn               n - +6 ring of intelligence
MPRegen 0.11/turn               (no ring)

@: no status effects
A: sickness immunity, AC +4, negative energy resistance 1, electricity
resistance, torment resistance 1, petrification resistance
a: Renounce Religion, Depart the Abyss, Bend Space


You were on level 4 of the Dungeon.
You worshipped Lugonu.
Lugonu was pleased with you.
You visited 1 branch of the dungeon, and saw 4 of its levels.
You visited the Abyss 1 time.

You collected 45 gold pieces.

Inventory:

Hand Weapons
 a - a +1 mace (weapon)
Armour
 g - a +2 ring mail of poison resistance (worn)
Jewellery
 n - a +6 ring of intelligence (left hand)
Scrolls
 d - 2 scrolls of identify
 e - 2 scrolls of fog {unknown}
 f - a scroll of amnesia {unknown}
 h - a scroll of teleportation {unknown}
 j - a scroll of noise {unknown}
Potions
 b - 2 potions of cancellation {unknown}
 c - a potion of curing
 i - a potion of mutation {unknown}
 k - a potion of magic {unknown}
 l - a potion of heal wounds {unknown}
 m - a potion of invisibility {unknown}
 o - 2 potions of brilliance {unknown}


   Skills:
 * Level 4.9 Fighting
 * Level 3.8 Maces & Flails
 * Level 4.2 Armour
 + Level 2.2 Dodging
 + Level 3.4 Invocations


You had 6 spell levels left.
You didn't know any spells.
Your spell library contained the following spells:

 Spells                   Type           Power      Damage    Failure   Level
 Beastly Appendage        Tmut           0%         N/A       36%         1
 Magic Dart               Conj           0%         1d3       36%         1
 Call Imp                 Summ           0%         N/A       50%         2
 Wereblood                Tmut           0%         N/A       50%         2
 Mephitic Cloud           Conj/Pois/Air  0%         N/A       75%         3
 Spider Form              Tmut/Pois      0%         N/A       75%         3


Dungeon Overview and Level Annotations

Branches:
Dungeon (4/15)
 Temple: D:4-7

Altars:

Shops:
D:3 ?[(!   D:4 !(

Annotations:
D:4 Blork the orc


Innate Abilities, Weirdness & Mutations

You are immune to sickness and miasma.
Your stone body is resilient. (AC +4)
You are immune to poison.
You resist negative energy. (rN+)
You are resistant to electric shocks. (rElec)
You are resistant to unholy torment.
You are immune to petrification.


Message History

Blork the orc is moderately wounded.
Blork the orc gestures at you while chanting.
The puff of flame hits you.
Blork the orc hits you with a +2 war axe of flaming.
Blork the orc burns you.
You barely miss Blork the orc.
Blork the orc is moderately wounded.
Blork the orc hits you with a +2 war axe of flaming.
Blork the orc burns you.
Blork the orc hits you but does no damage.
You hit Blork the orc but do no damage.
Blork the orc is moderately wounded.
Blork the orc hits you with a +2 war axe of flaming.
Blork the orc burns you. Blork the orc barely misses you.
You completely miss Blork the orc.
Blork the orc is moderately wounded.
Blork the orc looks angry.
Blork the orc points at you and mumbles some strange words.
The puff of frost hits you but does no damage.
Blork the orc hits you with a +2 war axe of flaming.
Blork the orc burns you.
You hit Blork the orc.
Blork the orc is heavily wounded.
Blork the orc hits you with a +2 war axe of flaming.
Blork the orc burns you.
* * * LOW HITPOINT WARNING * * *
You hit Blork the orc but do no damage.
Blork the orc is heavily wounded.
Blork the orc misses you.
Blork the orc hits you but does no damage.
You sock Blork the orc!
Blork the orc is severely wounded.
Blork the orc hits you with a +2 war axe of flaming.
* * * LOW HITPOINT WARNING * * *
Blork the orc burns you.
* * * LOW HITPOINT WARNING * * *
Blork the orc hits you with a +2 war axe of flaming!
* * * LOW HITPOINT WARNING * * *
Blork the orc burns you.
You die...

#.............#
#.............#........
###.............#........
................#........
................#........
................#........
....)...........#........
.......8@<.∩.8..#........
##+#####o###.....#........
...........#.....#........
...........#.....'........
...........#.....#........
......>....#.....#........
...........#.....#........
...........#.....#........
#...####...#.....#........


You could see Blork the orc (fast).

Vanquished Creatures
  Grinder (D:3)
  Jessica (D:3)
  Natasha (thrice) (D:2)
  7 adders
  2 worms
  3 dart slugs
  8 bats
  5 endoplasms
  3 giant cockroaches
  5 goblins
  10 hobgoblins
  4 jackals (D:2)
  5 quokkas
  5 ball pythons
  3 frilled lizards
  8 kobolds
  2 rats
75 creatures vanquished.

Notes
Turn   | Place    | Note
-------+----------+-------------------------------------------
     0 | Abyss:1  | Borgoz the Gargoyle Abyssal Knight began the quest for the
                  | Orb.
     0 | Abyss:1  | Reached XP level 1. HP: 14/14 MP: 2/2
    50 | Abyss:1  | Noticed a spriggan defender skeleton
    55 | D:1      | Escaped the Abyss
   591 | D:1      | Reached skill level 1 in Dodging
   591 | D:1      | Reached XP level 2. HP: 11/19 MP: 3/3
   935 | D:1      | Reached * piety under Lugonu
  1120 | D:1      | Reached XP level 3. HP: 23/23 MP: 4/4
  1968 | D:2      | Reached XP level 4. HP: 25/29 MP: 5/5
  2826 | D:3      | Noticed Natasha
  2826 | D:3      | Found Hiack's Weapon Boutique.
  2835 | D:2      | Killed Natasha
  2838 | D:2      | Reached XP level 5. HP: 24/33 MP: 7/7
  2927 | D:2      | Noticed Natasha
  2937 | D:2      | Killed Natasha
  2988 | D:2      | Noticed Natasha
  2997 | D:2      | Killed Natasha
  3289 | D:3      | Found Quveisum's Antique Armour Emporium.
  3318 | D:3      | Reached ** piety under Lugonu
  3324 | D:3      | Noticed Grinder
  3326 | D:3      | Paralysed by Grinder for 3 turns
  3342 | D:3      | Paralysed by Grinder for 3 turns
  3346 | D:3      | Paralysed by Grinder for 4 turns
  3352 | D:3      | Paralysed by Grinder for 7 turns
  3384 | D:3      | Killed Grinder
  3385 | D:3      | Reached XP level 6. HP: 21/40 MP: 8/8
  3552 | D:3      | Found Jeubif's Magic Scroll Shoppe.
  3610 | D:3      | Noticed Jessica
  3616 | D:3      | Killed Jessica
  3847 | D:3      | Reached XP level 7. HP: 39/44 MP: 9/9
  3885 | D:3      | Found a faded altar of an unknown god.
  3942 | D:3      | Found Jorep's Distillery.
  4038 | D:4      | Found Kauph's Weapon Boutique.
  4105 | D:4      | Found Ymucael's Distillery.
  4116 | D:4      | Noticed Blork the orc
  4133 | D:4      | HP: 2/44 [Blork the orc (8)]
  4133 | D:4      | Slain by Blork the orc

Illustrated notes

Levels and vault maps discovered:
D:1:      kilobyte_arrival_exit_the_forest, layout_rooms,
          minmay_splitting_lines, st_stairs_3, chequers_serial_rivers_large_a,
          nrook_uturn
D:2:      layout_basic, minivault_19
D:3:      layout_loops_cross, serial_shops, shop_fountains, nicolae_square_shop,
          nicolae_diamond_shop, shop, hellmonk_ecumenical_altar_arch_garden,
          minmay_misc_feat_plants, uniq_grinder, uniq_natasha, uniq_jessica
D:4:      layout_gridville, mainiacjoe_overflow_catwalk, serial_shops, shop,
          shop_fountains, shop_statue, nicolae_stop_n_shop_1,
          ebering_ghost_rock_garden, uniq_sigmund, uniq_blork_the_orc

Skill      XL: |  1  2  3  4  5 |
---------------+----------------+-----
Dodging        | 1 2 |  2.2
Armour         | 3 4 |  4.2
Fighting       | 4 |  4.9
Maces & Flails | 3 |  3.8
Invocations    | 3 |  3.4

Action                   |  1- 3 |  4- 6 |  7- 9 || total
-------------------------+-------+-------+-------++-------
Melee: Mace              |   113 |   138 |    30 ||   281
Invok: Depart the Abyss  |     1 |       |       ||     1
  Use: Potion            |       |     3 |       ||     3
       Scroll            |       |     2 |       ||     2
Armor: Leather armour    |    24 |       |       ||    24
       Ring mail         |    38 |    89 |    13 ||   140
Dodge: Dodged            |    74 |    96 |    10 ||   180

Table legend: (Time is in decaauts)
 A = Elapsed time spent in this place.
 B = Non-inter-level travel time spent in this place.
 C = Inter-level travel time spent in this place.
 D = Time resting spent in this place.
 E = Time spent auto-exploring this place.
 F = Levels seen in this place.
 G = Mean time per level.
                   A        B        C        D        E       F      G
               +--------+--------+--------+--------+--------+-----+--------+
         Total |   4239 |   4156 |     83 |    805 |   2683 |   5 |  847.8 |
       Dungeon |   4184 |   4101 |     83 |    805 |   2635 |   4 | 1046.0 |
         Abyss |     55 |     55 |      0 |      0 |     48 |   1 |   55.0 |
               +--------+--------+--------+--------+--------+-----+--------+

Top non-repeatable levels by time:
     D:2: 1674 daAuts
     D:1: 1562 daAuts
     D:3: 817 daAuts
     D:4: 129 daAuts
 Abyss:1: 55 daAuts
